 Dungeon Crawl Stone Soup version 0.27.1-2-g3b301248ec (webtiles) character file.

Game seed: 4512176623826287060

678 MajorAdolf the Sneak (level 7, -1/55 HPs)
             Began as a Naga Wanderer on Sept 24, 2021.
             Was an Initiate of Ashenzari.
             Slain by a centaur (2 damage)
             ... on level 5 of the Dungeon on Sept 25, 2021.
             The game lasted 00:10:52 (6370 turns).

MajorAdolf the Sneak (Naga Wanderer)                Turns: 6370, Time: 00:10:53

Health: -1/55      AC:  4    Str: 15    XL:     7   Next: 60%
Magic:  14/14      EV:  9    Int: 20    God:    Ashenzari [......]
Gold:   218        SH:  0    Dex: 10    Spells: 14/15 levels left

rFire    . . .     SeeInvis +   t - +1 hand axe (elec)
rCold    . . .     Faith    .   (no shield)
rNeg     . . .     Spirit   .   b - +0 robe
rPois    +         Reflect  .   f - +0 helmet
rElec    .         Harm     .   (no cloak)
rCorr    +         Rampage  .   (no gloves)
Will     .....                  (no barding)
Stlth    +++.......             (no amulet)
HPRegen  0.18/turn              o - +6 ring of intelligence
MPRegen  0.14/turn              p - ring of resist corrosion

@: very slightly contaminated, invisible (expiring), very slow
A: AC +2, large, see invisible, deformed body, poison resistance, slowness 2,
spit poison 1, naga tail 1
a: Spit Poison, Renounce Religion


You were on level 5 of the Dungeon.
You worshipped Ashenzari.
Ashenzari was noncommittal.
You visited 2 branches of the dungeon, and saw 6 of its levels.
You also visited: Ossuary.

You collected 218 gold pieces.

Inventory:

Hand Weapons
 t - a +1 hand axe of electrocution (weapon)
Missiles
 a - 21 poisoned darts
 m - 4 curare-tipped darts
Armour
 b - a +0 robe (worn)
 f - a +0 helmet (worn)
Jewellery
 o - a +6 ring of intelligence (left hand)
 p - a ring of resist corrosion (right hand)
Scrolls
 h - 2 scrolls of vulnerability
 i - 2 scrolls of amnesia
 j - 2 scrolls of teleportation
 n - a scroll of blinking
 r - 2 scrolls of summoning
 s - 4 scrolls of immolation
Potions
 e - a potion of invisibility
 l - 3 potions of cancellation
 q - 3 potions of curing


   Skills:
 + Level 6.3 Stealth
 + Level 4.7 Spellcasting
 + Level 3.9 Conjurations
 - Level 1.0 Necromancy
 + Level 5.7 Fire Magic


You had 14 spell levels left.
You knew the following spells:

 Your Spells              Type           Power      Damage    Failure   Level
a - Foxfire               Conj/Fire      96%        2x1d8     1%          1

Your spell library contained the following spells:

 Spells                   Type           Power      Damage    Failure   Level
 Conjure Flame            Conj/Fire      24%        6-21      4%          3
 Inner Flame              Hex/Fire       16%        N/A       11%         3
 Sticky Flame             Conj/Fire      24%        2d5       16%         4
 Fireball                 Conj/Fire      12%        3d7       41%         5
 Animate Dead             Necr           4%         N/A       61%         4
 Haunt                    Necr/Summ      3%         N/A       100%        7
 Infestation              Necr           4%         N/A       100%        8


Dungeon Overview and Level Annotations

Branches:
Dungeon (5/15)             Temple (1/1) D:4         Ossuary (visited)

Altars:
Ashenzari
Dithmenos
Fedhas
Kikubaaqudgha
Makhleb
Qazlal
Sif Muna
Trog
Wu Jian
Xom
Zin
The Shining One

Annotations:
D:5 Edmund


Innate Abilities, Weirdness & Mutations

Your serpentine skin is tough. (AC +2)
You have supernaturally acute eyesight. (SInv)
Armour fits poorly on your strangely shaped body.
Your system is resistant to poisons. (rPois)
You cover ground very slowly.
You can spit poison.
You have a snake-like lower body.


Message History

a +0 shortbow; 21 arrows; a centaur corpse Unknown command.
The centaur shoots an arrow.
The arrow hits you!
* * * LOW HITPOINT WARNING * * *
Unknown command.
The centaur shoots an arrow. x2
A howler monkey skeleton comes into view.
The centaur shoots an arrow. x2; The orc throws a boomerang.
The boomerang hits you but does no damage.
The iguana hisses angrily.
The centaur shoots an arrow. x2
The centaur shoots an arrow.
The arrow barely misses you.
The centaur shoots an arrow.
The arrow hits you!
* * * LOW HITPOINT WARNING * * *
The centaur unwields a +0 shortbow.
The centaur closely misses you.
The centaur kicks you but does no damage.
Press: ? - help, Shift-Dir - straight line, f - centaur
Aim: a centaur, quivering arrows The splash of poison misses the centaur.
The centaur barely misses you.
The centaur kicks you but does no damage.
The centaur closely misses you. The centaur kicks you.
* * * LOW HITPOINT WARNING * * *
You barely miss the centaur. The centaur hits you.
* * * LOW HITPOINT WARNING * * *
The centaur kicks you but does no damage.
The centaur barely misses you. x2
You hit the centaur.
The centaur is lightly wounded.
You flicker for a moment.
The centaur misses you. The centaur barely misses you.
The centaur hits you but does no damage.
The centaur barely misses you.
You barely miss the centaur.
You have got your breath back.
The centaur hits you.
* * * LOW HITPOINT WARNING * * *
The centaur closely misses you. The centaur barely misses you.
The centaur kicks you.
You die...

...........#..≈≈≈≈
##.######
#<>....... ....≈≈≈
#........
#.....?...
.....####
#........
#......... .......
#........
#≈........ .....
#........
#≈...≈≈... ...
#>.......
≈≈#.≈≈.#.# #.#
#........
.#.≈≈##..# #.#
#........ # ####
#. #@#
#####...##### #c##
#...)....## #
#..###.###).l..# #
#.o.....c.ooZ.....
#...#...#...#...#.
#..#...#...#...#..
#.#...#...#...#)..
#..#...#...#.Z.#..
#...#...#...#...#.


You could see a centaur and an orc.

Vanquished Creatures
  A centaur (D:5)
  An elf zombie (Ossuary)
  A water moccasin skeleton (D:4)
  3 hounds
  A human zombie (Ossuary)
  A jelly (D:4)
  An orc priest (D:3)
  2 iguanas (D:4)
  An orc wizard (D:4)
  2 hound zombies (Ossuary)
  4 mummies (Ossuary)
  3 adders
  A white imp (D:5)
  An adder zombie (Ossuary)
  3 adder skeletons
  3 worms
  3 dart slugs
  11 orcs
  8 bats
  3 endoplasms
  6 giant cockroaches
  4 goblins
  3 hobgoblins
  7 kobolds
  6 quokkas
  7 ball pythons
  2 frilled lizards (D:3)
  A goblin zombie (Ossuary)
  2 kobold zombies (Ossuary)
  2 orc zombies (Ossuary)
  8 rats
  2 rat zombies (Ossuary)
104 creatures vanquished.

Vanquished Creatures (others)
  A hound (D:5)
  An orc (D:5)
  456 foxfires
  A plant (D:3)
459 creatures vanquished.

Grand Total: 563 creatures vanquished

Notes
Turn   | Place    | Note
-------+----------+-------------------------------------------
     0 | D:1      | MajorAdolf the Naga Wanderer began the quest for the Orb.
     0 | D:1      | MajorAdolf set off with the following items: a +0 club, a
                  | +0 robe, a potion of lignification, a +0 dagger; and the
                  | following spells available to memorise: Foxfire, Conjure
                  | Flame, Inner Flame, Sticky Flame, Fireball
     0 | D:1      | Reached XP level 1. HP: 15/15 MP: 4/4
    33 | D:1      | Learned a level 1 spell: Foxfire
   269 | D:1      | Reached XP level 2. HP: 13/22 MP: 0/6
   282 | D:1      | Reached skill level 1 in Conjurations
   962 | D:1      | Reached XP level 3. HP: 28/28 MP: 2/7
  2714 | D:2      | Reached XP level 4. HP: 36/36 MP: 4/9
  3578 | D:3      | Reached XP level 5. HP: 25/42 MP: 6/10
  3837 | D:3      | Reached skill level 4 in Stealth
  4057 | D:3      | Found a faded altar of an unknown god.
  4193 | D:3      | Found a stormy altar of Qazlal.
  4663 | D:4      | Reached skill level 5 in Fire Magic
  4663 | D:4      | Reached XP level 6. HP: 43/49 MP: 4/12
  4840 | D:4      | Reached skill level 5 in Stealth
  5394 | D:4      | Found a staircase to the Ecumenical Temple.
  5422 | Temple   | Entered the Ecumenical Temple
  5677 | Temple   | Became a worshipper of Ashenzari the Shackled
  5859 | D:5      | Entered Level 5 of the Dungeon
  5859 | D:5      | Noticed Edmund
  5928 | D:5      | Found a sand-covered staircase.
  5948 | Ossuary  | Entered an ossuary
  5960 | Ossuary  | Reached XP level 7. HP: 55/55 MP: 5/13
  5976 | Ossuary  | Reached skill level 6 in Stealth
  6370 | D:5      | HP: 1/55 [centaur (6)]
  6370 | D:5      | Slain by a centaur

Illustrated notes

Levels and vault maps discovered:
D:1:      dpeg_arrival_erosion, layout_basic, solitary_fountain, minmay_ruptured
D:2:      minmay_alternating_diamond, layout_loops_ring
D:3:      layout_rooms, grunt_qazlal_clouds, dreamdust_ecumenical_altar_grove,
          grunt_ministairs_15
D:4:      layout_cave_pools, minmay_temple_entry_waves
D:5:      cheibrodos_fzero, layout_basic, nemelex_diamond_rough_becter,
          lemuel_crystal_altar, serial_rivers, chequers_serial_rivers_large_a,
          chequers_serial_rivers_room_b, chequers_serial_rivers_small_b,
          chequers_serial_rivers_room_a, chequers_serial_rivers_small_3,
          nicolae_ossuary_entry_monument, minmay_hollow_rounded_squares,
          uniq_edmund
Temple:   minmay_temple_curvy_loop

Skill      XL: |  1  2  3  4  5  6  7 |
---------------+----------------------+-----
Conjurations   | 1 2 3 |  3.9
Stealth        | 4 5 6 |  6.3
Spellcasting   | 4 |  4.7
Fire Magic     | 5 |  5.7
Necromancy     | |  1.0

Action                   |  1- 3 |  4- 6 |  7- 9 || total
-------------------------+-------+-------+-------++-------
Melee: Dagger            |    10 |     6 |       ||    16
       Hand axe          |       |     6 |    22 ||    28
 Cast: Foxfire           |    74 |   163 |    22 ||   259
 Abil: Spit Poison       |    12 |     3 |     2 ||    17
  Use: Potion            |       |     1 |     2 ||     3
 Stab: Invisible         |       |       |     1 ||     1
Armor: Robe              |     4 |     6 |     5 ||    15
       Skin              |       |    31 |    21 ||    52
Dodge: Dodged            |    13 |    13 |    21 ||    47
